 Dungeon Crawl Stone Soup version 0.26-a0-639-g72c4674329 (webtiles) character file.

Game seed: 18131130473537889204

547 Lanoc the Ducker (level 7, -7/71 HPs)
             Began as a Troll Hunter on Sept 22, 2020.
             Was an Elder of Jiyva.
             Killed by divine providence
             ... invoked by an orc priest
              (12 damage)
             ... on level 5 of the Dungeon.
             The game lasted 00:04:36 (1930 turns).

Lanoc the Ducker (Troll Hunter)                     Turns: 1930, Time: 00:04:36

Health: -7/71      AC:  6    Str: 19    XL:     7   Next: 7%
Magic:  6/6        EV: 12    Int:  7    God:    Jiyva [****..]
Gold:   141        SH:  0    Dex: 14    Spells: 6/6 levels left

rFire    . . .     SeeInvis .   (no weapon)
rCold    + . .     Faith    .   (no shield)
rNeg     . . .     Spirit   .   b - +0 robe
rPois    .         Reflect  .   (helmet restricted)
rElec    .         Harm     .   (no cloak)
rCorr    +         Rampage  .   (gloves unavailable)
MR       .....     Clarity  +   (boots unavailable)
Stlth    +.........             (no amulet)
HPRegen  0.61/turn              a - ring of protection from cold
MPRegen  0.10/turn              (no ring)

@: no status effects
A: large, unfitting armour, claws 3, clarity, regeneration 1, shaggy fur 1,
tough skin 3
a: Request Jelly, Slimify, Renounce Religion


You were on level 5 of the Dungeon.
You worshipped Jiyva.
Jiyva was greatly pleased with you.
You visited 1 branch of the dungeon, and saw 5 of its levels.

You collected 141 gold pieces.

Inventory:

Missiles
 c - 4 large rocks (quivered)
 d - 2 throwing nets
Armour
 b - a +0 robe (worn)
Jewellery
 a - a ring of protection from cold (left claw)
Wands
 j - a wand of flame (12)
Scrolls
 f - a scroll of blinking {unknown}
 g - a scroll of teleportation {unknown}
 h - a scroll of fear {unknown}
 k - a scroll of amnesia {unknown}
 l - a scroll of remove curse {unknown}


   Skills:
 + Level 4.4 Fighting
 - Level 4.2 Throwing
 + Level 4.4 Dodging
 - Level 0.3 Stealth


You had 6 spell levels left.
You didn't know any spells.
Your spell library was empty.

Dungeon Overview and Level Annotations

Branches:
Dungeon (5/15)
 Temple: D:4-7

Altars:
Jiyva


Innate Abilities, Weirdness & Mutations

You are too large for most types of armour.
You have claws for hands.
Your natural rate of healing is unusually fast.
You are covered in fur. (AC +1)
You have extremely tough skin. (AC +3)
You possess an exceptional clarity of mind.


Message History

* * * LOW HITPOINT WARNING * * *
You hear a slurping noise.
You feel a little less hungry.
You feel better.
The orc priest invokes the aid of Beogh against you.
Pain shoots through your body!
* * * LOW HITPOINT WARNING * * *
The orc wizard casts a cantrip, but nothing happens.
The jelly hits the orc priest but does no damage.
Throwing (i - inventory. (/) - cycle)
c - 5 large rocks (quivered)
Press: ? - help, Shift-Dir - straight line, f - orc priest
Aim: an orc priest, wielding a +0 falchion and wearing a +0 chain mail (heavily wounded)
You throw a large rock. The large rock hits the orc priest.
The orc priest is severely wounded.
The orc wizard hits you but does no damage.
The orc priest hits you but does no damage.
The orc wizard closely misses you.
The orc priest invokes the aid of Beogh against you.
Beogh smites you!
You die...

............#..##
........#.......#
....##..#......## .
..#.###.......## .# #
#.###.....(.# ##.##
###...........## ##....#
.##............##......#
.##.............#......#
.##.#...........@o......
.##.##..........)o....##
....##............J...#
#..###.###............#
##..##................#
#..#..#..............#
##....##....#.###......
#........#.## ......
#........# #


You could see an orc priest, an orc wizard (fast) and a neutral jelly
(wandering) (fellow slime).

Vanquished Creatures
  Duvessa (D:4)
  A phantom (D:5)
  An ogre (D:3)
  Dowan (D:4)
  A scorpion (D:4)
  A hound (D:5)
  2 orc wizards (D:4)
  4 worker ants
  5 adders
  A worm (D:2)
  A leopard gecko (D:3)
  7 orcs
  A goblin (D:3)
  A hobgoblin (D:3)
  4 jackals (D:5)
  2 quokkas (D:5)
  A frilled lizard (D:2)
  A kobold (D:1)
36 creatures vanquished.

Vanquished Creatures (others)
  A bullfrog (D:5)
  3 jellies (D:4)
  A centaur skeleton (D:5)
  Terence (D:3)
  Ijyb (D:4)
  A worker ant (D:5)
  An orc wizard (D:4)
  2 adders (D:4)
  5 orcs
  2 jackals (D:5)
  A quokka (D:4)
  2 frilled lizards
  A leopard gecko skeleton (D:5)
22 creatures vanquished.

Grand Total: 58 creatures vanquished

Notes
Turn   | Place    | Note
-------+----------+-------------------------------------------
     0 | D:1      | Lanoc the Troll Hunter began the quest for the Orb.
     0 | D:1      | Reached XP level 1. HP: 19/19 MP: 0/0
    29 | D:1      | You fall into a shaft and drop 1 floor!
    32 | D:2      | Reached XP level 2. HP: 28/28 MP: 1/1
   183 | D:3      | Noticed an ogre
   193 | D:3      | Killed an ogre
   193 | D:3      | Reached XP level 3. HP: 2/36 MP: 2/2
   193 | D:3      | Reached XP level 4. HP: 3/44 MP: 3/3
   576 | D:3      | Found a faded altar of an unknown god.
   579 | D:3      | Became a worshipper of Jiyva Jaumireh the Shapeless
   579 | D:3      | Reached * piety under Jiyva
   639 | D:3      | Reached ** piety under Jiyva
   748 | D:3      | Noticed Terence
   807 | D:3      | Killed Terence
   807 | D:3      | Reached XP level 5. HP: 39/52 MP: 4/4
  1240 | D:4      | Reached *** piety under Jiyva
  1249 | D:4      | Killed Ijyb
  1279 | D:4      | Noticed Dowan
  1287 | D:4      | Killed Dowan
  1287 | D:4      | Reached XP level 6. HP: 60/61 MP: 5/5
  1292 | D:4      | Noticed Duvessa
  1307 | D:4      | Killed Duvessa
  1584 | D:5      | Entered Level 5 of the Dungeon
  1589 | D:5      | Found the +0 pair of fencer's gloves {Riposte Dex+3}
  1742 | D:5      | Reached XP level 7. HP: 50/71 MP: 6/6
  1854 | D:5      | Gained mutation: You possess an exceptional clarity of
                  | mind. [Jiyva's grace]
  1854 | D:5      | Reached **** piety under Jiyva
  1930 | D:5      | Killed from afar by an orc priest

Illustrated notes

Levels and vault maps discovered:
D:1:      roderic_dead_forest, layout_basic
D:2:      layout_loops_ring, lightli_temple_of_fire, uniq_jessica
D:3:      layout_loops_ring, chequers_ecumenical_altar_grove, uniq_terence
D:4:      minmay_wonky_spiral, layout_cave_pools, uniq_ijyb, uniq_duvessa
D:5:      layout_cave_pools

Skill      XL: |  1  2  3  4  5  6 |
---------------+-------------------+-----
Fighting       | 2 3 4 |  4.4
Throwing       | 4 |  4.2
Dodging        | 2 3 4 |  4.4
Stealth        | |  0.3

Action                   |  1- 3 |  4- 6 |  7- 9 || total
-------------------------+-------+-------+-------++-------
Melee: Unarmed           |    25 |   183 |    20 ||   228
Throw: Large rock        |     1 |       |     1 ||     2
  Use: Potion            |       |       |     2 ||     2
 Stab: Sleeping          |     2 |       |       ||     2
Armor: Robe              |     6 |    59 |     9 ||    74
Dodge: Dodged            |     8 |    99 |    20 ||   127

Table legend: (Time is in decaauts)
 A = Elapsed time spent in this place.
 B = Non-inter-level travel time spent in this place.
 C = Inter-level travel time spent in this place.
 D = Time resting spent in this place.
 E = Time spent auto-exploring this place.
 F = Levels seen in this place.
 G = Mean time per level.
                   A        B        C        D        E       F      G
               +--------+--------+--------+--------+--------+-----+--------+
         Total |   1930 |   1881 |     49 |      0 |   1433 |   5 |  386.0 |
       Dungeon |   1930 |   1881 |     49 |      0 |   1433 |   5 |  386.0 |
               +--------+--------+--------+--------+--------+-----+--------+

Top non-repeatable levels by time:
     D:3: 854 daAuts
     D:4: 563 daAuts
     D:5: 345 daAuts
     D:2: 138 daAuts
     D:1: 28 daAuts
